PL
MISSISSIPPI MOCKINGBIRDS @ BUFFALO WHITE WALKERS
08/03/2041
 
TOP OF THE 1ST
Mississippi Mockingbirds batting - Pitching for Buffalo White Walkers : RHP Dusty Fox
Pitching: RHP Dusty Fox
Batting: LHB Warren King 0-0: Called Strike
0-1: Ball
1-1: Swinging Strike
1-2: Strikes out swinging
Batting: RHB Richard Jost 0-0: Ground out 6-3 (Groundball, 6MD, EV 85.6 MPH)
Batting: LHB Riley Rowbery 0-0: Ball
1-0: Foul Ball, location: 2F
1-1: Swinging Strike
1-2: Ball
2-2: Foul Ball, location: 2F
2-2: Ground out 5-3 (Groundball, 5L, EV 85.0 MPH)
Top of the 1st over - 0 runs, 0 hits, 0 errors, 0 left on base; Mississippi 0 - Buffalo 0
BOTTOM OF THE 1ST
Buffalo White Walkers batting - Pitching for Mississippi Mockingbirds : RHP Mei Zhào
Pitching: RHP Mei Zhào
Batting: LHB Jesús Lazcano 0-0: Ball
1-0: Ground out 3-1 (Groundball, 34S, EV 93.8 MPH)
Batting: LHB Dread Roberts 0-0: SINGLE (Groundball, 6, EV 108.8 MPH) (infield hit)
Batting: SHB Je-myung Yu 0-0: Called Strike
0-1: Ball
1-1: Called Strike
1-2: Foul Ball, location: 2F
1-2: Ball
2-2: Ball
Dread Roberts steals 2nd base (no throw)
3-2: Ground out U3 (Groundball, 34, EV 103.8 MPH)
Dread Roberts to third
Batting: LHB Jorge Herrera 0-0: Fly out, F8 (Line Drive, 8RD, EV 90.0 MPH)
Bottom of the 1st over - 0 runs, 1 hit, 0 errors, 1 left on base; Mississippi 0 - Buffalo 0
TOP OF THE 2ND
Mississippi Mockingbirds batting - Pitching for Buffalo White Walkers : RHP Dusty Fox
Batting: RHB Melvin Thomas 0-0: Ball
1-0: Fly out, F7 (Flyball, 7S, EV 96.2 MPH)
Batting: LHB Tural Bishara 0-0: Called Strike
0-1: Called Strike
0-2: Ball
1-2: Strikes out swinging
Batting: RHB Tony Calhoun 0-0: Called Strike
0-1: TRIPLE (Flyball, 89XD, EV 100.6 MPH)
Batting: LHB Vicente Gonzáles 0-0: Ball
1-0: Ball
2-0: Called Strike
2-1: Ball
3-1: DOUBLE (Line Drive, 89XD, EV 109.4 MPH)
Tony Calhoun scores
Batting: LHB Wu-shun Chu 0-0: Called Strike
0-1: Swinging Strike
0-2: Strikes out swinging
Top of the 2nd over - 1 run, 2 hits, 0 errors, 1 left on base; Mississippi 1 - Buffalo 0
BOTTOM OF THE 2ND
Buffalo White Walkers batting - Pitching for Mississippi Mockingbirds : RHP Mei Zhào
Batting: RHB Tom Smythe 0-0: Called Strike
0-1: Ground out U3 (Groundball, 34, EV 111.2 MPH)
Batting: SHB Tom Dickinson 0-0: Called Strike
0-1: Ground out 6-3 (Groundball, 6M, EV 106.2 MPH)
Batting: RHB Eddie Sachs 0-0: Ground out 6-3 (Groundball, 6, EV 83.1 MPH)
Bottom of the 2nd over - 0 runs, 0 hits, 0 errors, 0 left on base; Mississippi 1 - Buffalo 0
TOP OF THE 3RD
Mississippi Mockingbirds batting - Pitching for Buffalo White Walkers : RHP Dusty Fox
Batting: SHB Akihiko Fujii 0-0: Ball
1-0: Called Strike
1-1: Swinging Strike
1-2: Strikes out swinging
Batting: LHB Warren King 0-0: Bunted foul
0-1: Ball
1-1: Ground out U3 (Groundball, 3L, EV 101.2 MPH)
Batting: RHB Richard Jost 0-0: Ball
1-0: Foul Ball, location: 2F
1-1: SINGLE (Groundball, 3D, EV 103.8 MPH)
Batting: LHB Riley Rowbery 0-0: Fly out, F7 (Flyball, 7, EV 73.1 MPH)
Top of the 3rd over - 0 runs, 1 hit, 0 errors, 1 left on base; Mississippi 1 - Buffalo 0
BOTTOM OF THE 3RD
Buffalo White Walkers batting - Pitching for Mississippi Mockingbirds : RHP Mei Zhào
Batting: RHB José Santos 0-0: Called Strike
0-1: Ball
1-1: Called Strike
1-2: Ball
2-2: Ball
3-2: Fly out, F8 (Flyball, 89D, EV 83.8 MPH)
Batting: RHB Cisco Feijoo 0-0: Ball
1-0: Ball
2-0: Called Strike
2-1: Swinging Strike
2-2: Fly out, F8 (Flyball, 8LS, EV 89.4 MPH)
Batting: LHB Jesús Lazcano 0-0: Ball
1-0: Fly out, F7 (Flyball, 7S, EV 80.6 MPH)
Bottom of the 3rd over - 0 runs, 0 hits, 0 errors, 0 left on base; Mississippi 1 - Buffalo 0
TOP OF THE 4TH
Mississippi Mockingbirds batting - Pitching for Buffalo White Walkers : RHP Dusty Fox
Batting: RHB Melvin Thomas 0-0: Foul Ball, location: 2F
0-1: Ball
1-1: Ground out 4-3 (Groundball, 4, EV 82.5 MPH)
Batting: LHB Tural Bishara 0-0: Ground out 5-3 (Groundball, 56S, EV 82.5 MPH)
Batting: RHB Tony Calhoun 0-0: Ball
1-0: Called Strike
1-1: Called Strike
1-2: Foul Ball, location: 2F
1-2: Ball
2-2: SINGLE (Line Drive, 7S, EV 98.1 MPH)
Batting: LHB Vicente Gonzáles 0-0: Called Strike
0-1: Ball
1-1: Ground out 6-3 (Groundball, 6MD, EV 100.0 MPH)
Top of the 4th over - 0 runs, 1 hit, 0 errors, 1 left on base; Mississippi 1 - Buffalo 0
BOTTOM OF THE 4TH
Buffalo White Walkers batting - Pitching for Mississippi Mockingbirds : RHP Mei Zhào
Batting: LHB Dread Roberts 0-0: Called Strike
0-1: Foul Ball, location: 2F
0-2: Foul Ball, location: 2F
0-2: Ball
1-2: Fly out, F8 (Flyball, 8RD, EV 99.4 MPH)
Batting: SHB Je-myung Yu 0-0: Ball
1-0: Ball
2-0: Swinging Strike
2-1: Ball
3-1: Base on Balls
Batting: LHB Jorge Herrera 0-0: Fielders Choice at 2nd, 4-6 (Groundball, 4, EV 91.2 MPH)
Batting: RHB Tom Smythe Balk!
Jorge Herrera to second
0-0: Ball
1-0: Foul Ball, location: 2F
1-1: Ball
2-1: Swinging Strike
2-2: Fly out, F1 (Line Drive, P, EV 71.2 MPH)
Bottom of the 4th over - 0 runs, 0 hits, 0 errors, 1 left on base; Mississippi 1 - Buffalo 0
TOP OF THE 5TH
Mississippi Mockingbirds batting - Pitching for Buffalo White Walkers : RHP Dusty Fox
Batting: LHB Wu-shun Chu 0-0: Foul Ball, location: 2F
0-1: Ball
1-1: Called Strike
1-2: Foul Ball, location: 2F
1-2: Foul Ball, location: 2F
1-2: Ball
2-2: SINGLE (Groundball, 34D, EV 107.5 MPH)
Batting: SHB Akihiko Fujii 0-0: Ball
Wu-shun Chu is caught stealing 2nd base 2-6
1-0: Called Strike
1-1: Ground out U3 (Groundball, 3, EV 83.8 MPH)
Batting: LHB Warren King 0-0: Ball
1-0: Fly out, F5 (Line Drive, 5, EV 62.5 MPH)
Top of the 5th over - 0 runs, 1 hit, 0 errors, 0 left on base; Mississippi 1 - Buffalo 0
BOTTOM OF THE 5TH
Buffalo White Walkers batting - Pitching for Mississippi Mockingbirds : RHP Mei Zhào
Batting: SHB Tom Dickinson 0-0: Ball
1-0: Fly out, F2 (Popup, 25F, EV 79.4 MPH)
Batting: RHB Eddie Sachs 0-0: Ball
1-0: Called Strike
1-1: Ground out 6-3 (Groundball, 6, EV 91.2 MPH)
Batting: RHB José Santos 0-0: Fly out, F7 (Flyball, 78M, EV 90.0 MPH)
Bottom of the 5th over - 0 runs, 0 hits, 0 errors, 0 left on base; Mississippi 1 - Buffalo 0
TOP OF THE 6TH
Mississippi Mockingbirds batting - Pitching for Buffalo White Walkers : RHP Dusty Fox
Batting: RHB Richard Jost 0-0: Ball
1-0: Ball
2-0: Foul Ball, location: 2F
2-1: Ball
3-1: Reached on error, E5 (Groundball, 56, EV 85.6 MPH)
Batting: LHB Riley Rowbery 0-0: Foul Ball, location: 2F
0-1: Grounds into double play, 6-4-3 (Groundball, 6, EV 85.0 MPH)
Batting: RHB Melvin Thomas 0-0: Called Strike
0-1: Ball
1-1: Ball
2-1: Foul Ball, location: 2F
2-2: Strikes out swinging
Top of the 6th over - 0 runs, 0 hits, 1 error, 0 left on base; Mississippi 1 - Buffalo 0
BOTTOM OF THE 6TH
Buffalo White Walkers batting - Pitching for Mississippi Mockingbirds : RHP Mei Zhào
Batting: RHB Cisco Feijoo 0-0: Ground out 5-3 (Groundball, 56S, EV 63.1 MPH)
Batting: LHB Jesús Lazcano 0-0: Ball
1-0: Ball
2-0: Called Strike
2-1: Ball
3-1: Swinging Strike
3-2: Foul Ball, location: 2F
3-2: Base on Balls
Batting: LHB Dread Roberts 0-0: Ball
1-0: Called Strike
Jesús Lazcano steals 2nd base
1-1: Ball
2-1: Foul Ball, location: 2F
2-2: Ground out 6-3 (Groundball, 6M, EV 93.1 MPH)
Jesús Lazcano to third
Batting: SHB Je-myung Yu 0-0: Ball
1-0: Ball
2-0: Foul Ball, location: 2F
2-1: SINGLE (Line Drive, 89S, EV 108.1 MPH)
Jesús Lazcano scores
Batting: LHB Jorge Herrera 0-0: Swinging Strike
0-1: Ball
1-1: SINGLE (Flyball, 7LM, EV 93.8 MPH)
Je-myung Yu to second
Batting: RHB Tom Smythe 0-0: Ball
1-0: Swinging Strike
1-1: Fly out, F9 (Line Drive, 9, EV 87.5 MPH)
Bottom of the 6th over - 1 run, 2 hits, 0 errors, 2 left on base; Mississippi 1 - Buffalo 1
TOP OF THE 7TH
Mississippi Mockingbirds batting - Pitching for Buffalo White Walkers : RHP Dusty Fox
Batting: LHB Tural Bishara 0-0: Ball
1-0: Called Strike
1-1: Foul Ball, location: 2F
1-2: Strikes out swinging
Batting: RHB Tony Calhoun 0-0: TRIPLE (Flyball, 9LD, EV 94.4 MPH)
Batting: LHB Vicente Gonzáles 0-0: Intentional Walk
Batting: LHB Wu-shun Chu 0-0: SINGLE (Line Drive, 89S, EV 98.1 MPH)
Tony Calhoun scores
Vicente Gonzáles to second
Batting: SHB Akihiko Fujii 0-0: 3-RUN HOME RUN (Flyball, 89XD, EV 103.1 MPH), Distance : 398 ft
Pitching: RHP Keith Rojas
Batting: LHB Warren King 0-0: Ball
1-0: Ball
2-0: Called Strike
2-1: Fly out, F8 (Line Drive, 8LM, EV 110.6 MPH)
Batting: RHB Richard Jost 0-0: Called Strike
0-1: Ball
1-1: Ball
2-1: Ground out 4-3 (Groundball, 4, EV 86.2 MPH)
Top of the 7th over - 4 runs, 3 hits, 0 errors, 0 left on base; Mississippi 5 - Buffalo 1
BOTTOM OF THE 7TH
Buffalo White Walkers batting - Pitching for Mississippi Mockingbirds : RHP Mei Zhào
Batting: SHB Tom Dickinson 0-0: Ball
1-0: SINGLE (Line Drive, 6MD, EV 103.8 MPH)
Batting: RHB Eddie Sachs 0-0: Called Strike
0-1: Foul Ball, location: 2F
0-2: Foul Ball, location: 2F
0-2: Strikes out swinging
Pitching: RHP Bill Glenn
Batting: RHB José Santos 0-0: Swinging Strike
0-1: Fielders Choice at 2nd, 2-4 (Groundball, 2L, EV 71.2 MPH)
Batting: RHB Cisco Feijoo 0-0: Called Strike
José Santos steals 2nd base
0-1: Ball
1-1: Fly out, F3 (Popup, 3SF, EV 66.2 MPH)
Bottom of the 7th over - 0 runs, 1 hit, 0 errors, 1 left on base; Mississippi 5 - Buffalo 1
TOP OF THE 8TH
Mississippi Mockingbirds batting - Pitching for Buffalo White Walkers : RHP Keith Rojas
Batting: LHB Riley Rowbery 0-0: Hit by Pitch
Batting: RHB Melvin Thomas 0-0: Ball
1-0: Swinging Strike
1-1: Foul Ball, location: 2F
1-2: Ball
2-2: DOUBLE (Groundball, 5L, EV 97.5 MPH)
Riley Rowbery to third
Runner from 3rd tries for Home, SAFE, throw by LF to trailing runner, OUT at third! 7-6-5
Batting: LHB Tural Bishara 0-0: Ball
1-0: Swinging Strike
1-1: Swinging Strike
1-2: SINGLE (Groundball, 56D, EV 105.0 MPH)
Batting: RHB Tony Calhoun 0-0: Called Strike
Tural Bishara steals 2nd base
0-1: Swinging Strike
0-2: Ball
1-2: Strikes out swinging, 2-3 out at first.
Pitching: RHP Jeff Mahl
Batting: LHB Vicente Gonzáles 0-0: Ball
1-0: Called Strike
1-1: Swinging Strike
1-2: Ball
2-2: SINGLE (Flyball, 7S, EV 86.9 MPH)
Tural Bishara to third
Runner from 3rd tries for Home, SAFE, throw by LF to home
Batting: LHB Wu-shun Chu 0-0: Ball
1-0: Swinging Strike
1-1: Ball
2-1: Ground out 1-3 (Groundball, 13, EV 85.6 MPH)
Top of the 8th over - 2 runs, 3 hits, 0 errors, 1 left on base; Mississippi 7 - Buffalo 1
BOTTOM OF THE 8TH
Buffalo White Walkers batting - Pitching for Mississippi Mockingbirds : RHP Bill Glenn
Batting: LHB Jesús Lazcano 0-0: Foul Ball, location: 2F
0-1: Foul Ball, location: 2F
0-2: Ball
1-2: Foul Ball, location: 2F
1-2: Foul Ball, location: 2F
1-2: Foul Ball, location: 2F
1-2: Ball
2-2: Ball
3-2: Ground out 6-3 (Groundball, 6, EV 90.6 MPH)
Batting: LHB Dread Roberts 0-0: Foul Ball, location: 2F
0-1: Foul Ball, location: 2F
0-2: Strikes out swinging
Batting: SHB Je-myung Yu 0-0: Called Strike
0-1: Foul Ball, location: 2F
0-2: Ball
1-2: Ball
2-2: Foul Ball, location: 2F
2-2: Ground out 2-3 (Groundball, 15S, EV 74.4 MPH)
Bottom of the 8th over - 0 runs, 0 hits, 0 errors, 0 left on base; Mississippi 7 - Buffalo 1
TOP OF THE 9TH
Mississippi Mockingbirds batting - Pitching for Buffalo White Walkers : RHP Jeff Mahl
Batting: SHB Akihiko Fujii 0-0: Fly out, F9 (Flyball, 89M, EV 85.0 MPH)
Batting: LHB Warren King 0-0: Ball
1-0: Ball
2-0: Called Strike
2-1: Called Strike
2-2: Ball
3-2: Strikes out swinging
Batting: RHB Richard Jost 0-0: DOUBLE (Groundball, 5L, EV 103.1 MPH)
Batting: LHB Riley Rowbery 0-0: Swinging Strike
0-1: Foul Ball, location: 2F
0-2: Foul Ball, location: 2F
0-2: Strikes out swinging
Top of the 9th over - 0 runs, 1 hit, 0 errors, 1 left on base; Mississippi 7 - Buffalo 1
BOTTOM OF THE 9TH
Buffalo White Walkers batting - Pitching for Mississippi Mockingbirds : RHP Bill Glenn
Batting: LHB Jorge Herrera 0-0: Fly out, F9 (Line Drive, 9, EV 93.1 MPH)
Batting: RHB Tom Smythe 0-0: Ball
1-0: Called Strike
1-1: Called Strike
1-2: Ball
2-2: Fly out, F7 (Flyball, 7D, EV 80.6 MPH)
Batting: SHB Tom Dickinson 0-0: Called Strike
0-1: Ball
1-1: Fly out, F6 (Line Drive, 6, EV 66.2 MPH)
Bottom of the 9th over - 0 runs, 0 hits, 0 errors, 0 left on base; Mississippi 7 - Buffalo 1
Tuesday, January 5th, 2021 - OOTP Baseball 20.8 Build 74